 Dungeon Crawl Stone Soup version 0.28-a0-620-g539b0f7ac7 (webtiles) character file.

Game seed: 1626121943079076915

1715 siradein the Changer (level 8, -7/58 HPs)
             Began as a Demonspawn Transmuter on Oct 7, 2021.
             Mangled by an orc warrior (17 damage)
             ... on level 7 of the Dungeon.
             The game lasted 00:10:54 (6617 turns).

siradein the Changer (Demonspawn Transmuter)        Turns: 6617, Time: 00:10:55

Health: -7/58      AC: 14    Str: 12    XL:     8   Next: 74%
Magic:  13/13      EV: 17    Int: 15    God:
Gold:   352        SH:  0    Dex: 14    Spells: 4/14 levels left

rFire   . . .      SeeInvis .     - Unarmed
rCold   . . .      Faith    .   (no shield)
rNeg    . . .      Spirit   .   a - +0 robe
rPois   .          Reflect  .   (helmet currently unavailable)
rElec   +          Harm     .   s - +0 cloak
rCorr   .          Rampage  .   l - +0 pair of gloves
Will    .....                   (boots currently unavailable)
Stlth   +.........              (no amulet)
HPRegen 0.00/turn               j - +4 ring of protection
MPRegen 0.26/turn               f - +4 ring of evasion

@: appendages, wereblooded, sanguine armoured, inhibited regen
A: horns 2, talons 2, magic regeneration, sanguine armour 1, demonic magic 1,
weakness stinger 2, electricity resistance, inhibited regeneration, sturdy frame
1
a: End Transformation


You were on level 7 of the Dungeon.
You had temporarily grown beastly horns and talons.
You visited 1 branch of the dungeon, and saw 7 of its levels.

You collected 352 gold pieces.

Inventory:

Armour
 a - a +0 robe (worn)
 l - a +0 pair of gloves (worn)
 s - a +0 cloak (worn)
Jewellery
 c - a ring of positive energy
 f - a +4 ring of evasion (right hand)
 j - a +4 ring of protection (left hand)
Wands
 i - a wand of paralysis (8)
 r - a wand of digging (7)
 t - a wand of polymorph (5)
Scrolls
 b - 2 scrolls of immolation {unknown}
 d - 3 scrolls of teleportation
 e - a scroll of vulnerability {unknown}
 h - a scroll of fog
 k - a scroll of magic mapping
 m - a scroll of silence {unknown}
 u - a scroll of enchant weapon {unknown}
Potions
 g - a potion of flight
 n - 2 potions of might
 o - a potion of berserk rage
 p - a potion of heal wounds
 q - a potion of attraction {unknown}
 v - a potion of haste {unknown}
 w - 2 potions of magic {unknown}


   Skills:
 + Level 3.3 Fighting
 + Level 3.4 Dodging
 + Level 4.0 Unarmed Combat
 + Level 3.5 Spellcasting
 + Level 7.8 Transmutations
 + Level 3.0 Evocations


You had 4 spell levels left.
You knew the following spells:

 Your Spells              Type           Power      Damage    Failure   Level
a - Beastly Appendage     Tmut           52%        N/A       1%          1
b - Wereblood             Tmut           26%        N/A       1%          2
c - Spider Form           Tmut/Pois      7%         N/A       12%         3
d - Ice Form              Ice/Tmut       14%        N/A       36%         4

Your spell library contained the following spells:

 Spells                   Type           Power      Damage    Failure   Level
 Foxfire                  Conj/Fire      8%         2x1d4     19%         1
 Ignite Poison            Fire/Tmut/Pois 10%        N/A       19%         3
 Slow                     Hex            2%         N/A       28%         2
 Confusing Touch          Hex            2%         N/A       50%         3
 Conjure Flame            Conj/Fire      2%         6-21      50%         3
 Inner Flame              Hex/Fire       2%         N/A       50%         3
 Vampiric Draining        Necr           1%         2d6       50%         3
 Flame Wave               Conj/Fire      2%         3d3       88%         4
 Sticky Flame             Conj/Fire      2%         2d3       88%         4


Dungeon Overview and Level Annotations

Branches:
Dungeon (7/15)             Temple (0/1) D:7

Altars:
Kikubaaqudgha
Sif Muna
Xom

Shops:
D:1 [   D:2 !   D:4 [

Annotations:
D:4 2 transporters, mordus's ghost, amateur HOMo


Innate Abilities, Weirdness & Mutations

You have temporarily grown beastly horns and talons.
You regenerate magic rapidly.
When seriously injured, your bleeding wounds create armour. (AC +6)
Spells you cast may paralyse adjacent enemies.
You have a tail ending in a sharp stinger.
You are resistant to electric shocks. (rElec)
You do not regenerate when monsters are visible.
Your movements are slightly less encumbered by armour. (ER -2)


Message History

The orc warrior hits you with a +0 halberd!!
Your blood congeals into armour.
You closely miss the orc warrior. You claw the orc warrior.
You headbutt the orc warrior, but do no damage.
The orc warrior is lightly wounded.
The orc warrior hits you but does no damage.
You barely miss the orc warrior. You claw the orc warrior!
The orc warrior is moderately wounded.
The orc warrior barely misses you.
You hit the orc warrior but do no damage.
You tail-slap the orc warrior, but do no damage.
The orc warrior is moderately wounded.
The orc warrior hits you but does no damage.
You hit the orc warrior.
You claw the orc warrior, but do no damage.
You headbutt the orc warrior.
The orc warrior is heavily wounded.
The orc warrior barely misses you.
You closely miss the orc warrior. Your kick misses the orc warrior.
The orc warrior is heavily wounded.
The orc warrior hits you with a +0 halberd!
You are too injured to fight recklessly!
You are too injured to fight recklessly!
You are too injured to fight recklessly!
You are too injured to fight recklessly!
You hit the orc warrior but do no damage.
Your kick misses the orc warrior. You headbutt the orc warrior!
The orc warrior is severely wounded.
The orc warrior barely misses you.
You hit the orc warrior.
You claw the orc warrior, but do no damage.
The orc warrior is almost dead.
The orc warrior hits you with a +0 halberd!
* * * LOW HITPOINT WARNING * * *
You closely miss the orc warrior.
The orc warrior is almost dead.
You closely miss the orc warrior.
The orc warrior is almost dead.
The orc warrior hits you with a +0 halberd!
You die...

#.###
>....
#...#
....
#...#
#...#
##.##
#.#
#.######
#......#
######@#
#o# #{#
#o. ###


You could see an orc warrior and an orc.

Vanquished Creatures
  Sigmund (D:6)
  2 water moccasins
  2 sky beasts (D:5)
  A bullfrog (D:6)
  2 scorpions
  3 water moccasin zombies
  4 wights (D:5)
  A howler monkey (D:4)
  A centaur zombie (D:6)
  A hound (D:7)
  A bullfrog skeleton (D:4)
  An orc priest (D:5)
  Crazy Yiuf (D:2)
  A centaur skeleton (D:7)
  Terence (D:2)
  3 iguanas
  6 orc wizards
  A hound skeleton (D:3)
  8 adders
  2 worms
  15 orcs
  3 endoplasms
  4 giant cockroaches
  9 goblins
  6 hobgoblins
  8 jackals
  A quokka (D:2)
  5 ball pythons
  6 bats
  3 frilled lizards
  10 kobolds
  6 rats
119 creatures vanquished.

Vanquished Creatures (others)
  6 plants (D:4)
6 creatures vanquished.

Grand Total: 125 creatures vanquished

Notes
Turn   | Place    | Note
-------+----------+-------------------------------------------
     0 | D:1      | siradein the Demonspawn Transmuter began the quest for the
                  | Orb.
     0 | D:1      | Reached XP level 1. HP: 15/15 MP: 3/3
    80 | D:1      | Reached skill level 2 in Transmutations
   241 | D:1      | Found Lamm's Armour Boutique.
   318 | D:1      | Gained mutation: You have a small tail. [demonic ancestry]
   318 | D:1      | Reached XP level 2. HP: 20/21 MP: 3/5
   864 | D:1      | Reached skill level 3 in Transmutations
   926 | D:1      | Learned a level 2 spell: Wereblood
  1134 | D:2      | Found Acwoam Zuo's Distillery.
  1164 | D:2      | Gained mutation: You have a tail ending in a sharp stinger.
                  | [demonic ancestry]
  1164 | D:2      | Reached XP level 3. HP: 17/26 MP: 4/6
  1340 | D:2      | Noticed Terence
  1350 | D:2      | Killed Terence
  1354 | D:2      | Reached skill level 4 in Transmutations
  1354 | D:2      | Gained mutation: Spells you cast may paralyse adjacent
                  | enemies. [demonic ancestry]
  1354 | D:2      | Reached XP level 4. HP: 6/32 MP: 5/7
  1650 | D:2      | Found a runed translucent door.
  1651 | D:2      | Noticed Crazy Yiuf
  2112 | D:2      | Found a faded altar of an unknown god.
  2512 | D:3      | Found an ancient bone altar of Kikubaaqudgha.
  2663 | D:3      | Gained mutation: When seriously injured, your bleeding
                  | wounds create armour. (AC +6) [demonic ancestry]
  2663 | D:3      | Reached XP level 5. HP: 37/37 MP: 6/8
  2716 | D:3      | Learned a level 3 spell: Spider Form
  2921 | D:4      | Reached skill level 5 in Transmutations
  2988 | D:4      | Found a transporter.
  3213 | D:4      | Identified the ring of Ecented {+Blink Fly Int+5}
  3235 | D:4      | Noticed mordus's ghost (amateur HOMo)
  3262 | D:4      | Reached XP level 6. HP: 23/43 MP: 9/9
  3478 | D:4      | Reached skill level 6 in Transmutations
  3484 | D:4      | Noticed a water moccasin
  3493 | D:4      | Killed a water moccasin
  3721 | D:4      | Found Fatucum's Armour Boutique.
  3894 | D:4      | Found a transporter.
  4036 | D:2      | Killed Crazy Yiuf
  4145 | D:5      | Entered Level 5 of the Dungeon
  4197 | D:5      | Reached skill level 7 in Transmutations
  4197 | D:5      | Gained mutation: You regenerate magic rapidly. [demonic
                  | ancestry]
  4197 | D:5      | Reached XP level 7. HP: 48/48 MP: 6/10
  4270 | D:5      | Learned a level 4 spell: Ice Form
  4695 | D:5      | Reached skill level 1 in Evocations
  4810 | D:5      | Reached XP level 8. HP: 16/56 MP: 10/12
  5060 | D:5      | Found a shimmering blue altar of Sif Muna.
  5060 | D:5      | Found a shimmering altar of Xom.
  5544 | D:6      | Noticed Sigmund
  5564 | D:6      | Killed Sigmund
  6528 | D:7      | Gained mutation: You do not regenerate when monsters are
                  | visible. [potion of mutation]
  6528 | D:7      | Gained mutation: You are resistant to electric shocks.
                  | (rElec) [potion of mutation]
  6528 | D:7      | Gained mutation: Your movements are slightly less
                  | encumbered by armour. (ER -2) [potion of mutation]
  6564 | D:7      | Found a staircase to the Ecumenical Temple.
  6617 | D:7      | Mangled by an orc warrior

Illustrated notes

Levels and vault maps discovered:
D:1:      kennysheep_arrival_seaside, layout_loops_ring, serial_shops,
          nicolae_shop_temple_entry_statues_fountains,
          chequers_serial_rivers_small_a
D:2:      layout_loops_ring, serial_shops, shop,
          hellmonk_ecumenical_altar_prayer_group, uniq_crazy_yiuf_cottage,
          uniq_terence
D:3:      layout_rooms, kiku_gazebo_pond_becter, chequers_serial_rivers_micro_e
D:4:      layout_basic, gammafunk_ghost_gnarly_gnolls, serial_shops,
          nicolae_shop_trees, serial_corexii_hall, corexii_hall_statues_i,
          corexii_hall_statues_u, corexii_hall_statues_i, chequers_garden
D:5:      layout_cave_pools, gammafunk_temple_overflow_pools
D:6:      layout_loops_corners, uniq_sigmund
D:7:      layout_loops_cross, minmay_temple_entry_overgrown, uniq_harold,
          uniq_joseph

Skill      XL: |  1  2  3  4  5  6  7  8 |
---------------+-------------------------+-----
Transmutations | 2 3 4 5 7 |  7.8
Dodging        | 2 3 |  3.4
Unarmed Combat | 3 4 |  4.0
Evocations     | 1 3 |  3.0
Fighting       | 2 3 |  3.3
Spellcasting   | 3 |  3.5

Action                   |  1- 3 |  4- 6 |  7- 9 || total
-------------------------+-------+-------+-------++-------
Melee: Unarmed           |    48 |       |    95 ||   143
       Kick              |    21 |    24 |    39 ||    84
       Headbutt          |    13 |    19 |    31 ||    63
       Dagger            |    39 |    23 |       ||    62
       Tailslap          |    11 |    15 |    21 ||    47
       Bite              |     2 |       |     4 ||     6
       Flail             |       |   104 |    52 ||   156
 Cast: Beastly Appendage |    17 |    31 |    18 ||    66
       Wereblood         |     1 |     9 |    14 ||    24
  Use: Scroll            |       |     6 |     3 ||     9
       Potion            |       |       |     2 ||     2
 Stab: Sleeping          |     1 |       |       ||     1
       Paralysed         |       |    11 |    23 ||    34
Armor: Robe              |     8 |    45 |    56 ||   109
Dodge: Dodged            |    38 |   102 |   131 ||   271

Table legend: (Time is in decaauts)
 A = Elapsed time spent in this place.
 B = Non-inter-level travel time spent in this place.
 C = Inter-level travel time spent in this place.
 D = Time resting spent in this place.
 E = Time spent auto-exploring this place.
 F = Levels seen in this place.
 G = Mean time per level.
                   A        B        C        D        E       F      G
               +--------+--------+--------+--------+--------+-----+--------+
         Total |   6673 |   6343 |    330 |    247 |   5100 |   7 |  953.3 |
       Dungeon |   6673 |   6343 |    330 |    247 |   5100 |   7 |  953.3 |
               +--------+--------+--------+--------+--------+-----+--------+

Top non-repeatable levels by time:
     D:4: 1444 daAuts
     D:2: 1384 daAuts
     D:6: 1151 daAuts
     D:1: 1096 daAuts
     D:5: 833 daAuts
     D:3: 507 daAuts
     D:7: 255 daAuts
